 Dungeon Crawl Stone Soup version 0.28.0-53-g5a82cb258f (webtiles) character file.

Game seed: 5693482429209646602

190724 tizbic2 the Pandemonic (level 18, -7/105 HPs)
             Began as a Vine Stalker Fighter on July 16, 2022.
             Was a High Priest of Makhleb.
             Killed from afar by an ogre mage (14 damage)
             ... with a bolt of magma
             ... on level 4 of the Swamp.
             The game lasted 02:18:15 (24220 turns).

tizbic2 the Pandemonic (Vine Stalker Fighter)      Turns: 24220, Time: 02:18:16

Health: -7/105     AC: 23    Str: 36    XL:     18   Next: 17%
Magic:  0/31       EV:  8    Int:  5    God:    Makhleb [*****.]
Gold:   462        SH: 28    Dex: 20    Spells: 28/28 levels left

rFire   . . .      SeeInvis +   v - +9 dagger of Taxation {protect, Drain rPois Str+3 SInv}
rCold   + . .      Faith    .   Y - +5 tower shield
rNeg    . . .      Spirit   +   y - +6 scale mail of the Raven {Slay+5}
rPois   +          Reflect  +   D - +1 helmet of Dyspraxia {+Blink rC+ Int-3}
rElec   .          Harm     .   C - +1 cloak
rCorr   .          Rampage  .   I - +0 pair of gloves
Will    ++...                   b - +0 pair of boots
Stlth   +.........              c - amulet of reflection
HPRegen 1.07/turn               P - +6 ring of strength
MPRegen 0.22/turn               E - +6 ring of dexterity

@: studying Summonings
A: fangs 3, regeneration 1, magic shield, antimagic bite, no potion heal 2
}: 1/15 runes: serpentine
a: Renounce Religion, Evoke Blink, Minor Destruction, Lesser Servant of Makhleb,
Major Destruction, Greater Servant of Makhleb


You were on level 4 of the Swamp.
You worshipped Makhleb.
Makhleb was extremely pleased with you.
You visited 4 branches of the dungeon, and saw 27 of its levels.
You visited 1 bazaar.

You collected 1802 gold pieces.
You spent 1340 gold pieces at shops.

Inventory:

Hand Weapons
 a - the +7 dagger "Killer Bee's Death" {speed, rC+ rN+}
   (You took it off a wight on level 8 of the Dungeon)

   Attacks with this weapon are significantly faster.
   rC:        It protects you from cold.
   rN:        It protects you from negative energy.
 v - the +9 dagger of Taxation (weapon) {protect, Drain rPois Str+3 SInv}
   (You found it on level 4 of the Dungeon)

   It grants its wielder temporary protection when it strikes (+7 to AC).
   Str:       It affects your strength (+3).
   rPois:     It protects you from poison.
   SInv:      It lets you see invisible.
   Drain:     It drains your maximum health when unequipped.
Missiles
 l - 13 boomerangs (quivered)
 m - 12 atropa-tipped darts
 u - 57 poisoned darts
 F - 20 curare-tipped darts
 K - a throwing net
 O - 7 silver boomerangs
Armour
 b - a +0 pair of boots (worn)
 o - a +3 ring mail of willpower
 y - the +6 scale mail of the Raven (worn) {Slay+5}
   (You took it off a hobgoblin on level 4 of the Dungeon)

   Slay:      It affects your accuracy & damage with ranged weapons and melee
   (+5).
 C - a +1 cloak (worn)
 D - the +1 helmet of Dyspraxia (worn) {+Blink rC+ Int-3}
   (You bought it in a shop on level 3 of the Dungeon)

   Int:       It affects your intelligence (-3).
   rC:        It protects you from cold.
   +Blink:    It lets you blink.
 H - +0 swamp dragon scales
 I - a +0 pair of gloves (worn)
 Y - a +5 tower shield (worn)
Jewellery
 c - an amulet of reflection (around neck)
 t - a ring of resist corrosion
 z - a ring of protection from fire
 E - a +6 ring of dexterity (right hand)
 L - an amulet of regeneration
 P - a +6 ring of strength (left hand)
 S - a ring of flight
Wands
 e - a wand of mindburst (30)
 q - a wand of polymorph (16)
 w - a wand of paralysis (9)
 G - a wand of acid (17)
 J - a wand of iceblast (14)
 Q - a wand of flame (40)
Scrolls
 f - 8 scrolls of teleportation
 j - 2 scrolls of summoning
 k - 3 scrolls of blinking
 p - 4 scrolls of enchant weapon
 r - 2 scrolls of fog
 A - 6 scrolls of fear
 M - 4 scrolls of magic mapping
 N - 2 scrolls of amnesia
 R - a scroll of immolation
 U - a scroll of brand weapon
Potions
 d - 2 potions of might
 h - 4 potions of attraction
 i - 2 potions of haste
 n - 4 potions of brilliance
 s - 8 potions of lignification
 B - 3 potions of curing
 T - 2 potions of berserk rage
 V - 3 potions of cancellation
 W - a potion of flight
 X - a potion of ambrosia
 Z - a potion of mutation {unknown}
Miscellaneous
 g - a lightning rod (4/4)
 x - a phantom mirror


   Skills:
 * Level 15.8 Fighting
 - Level 10.0 Short Blades
 - Level 4.1 Polearms
 + Level 12.4 Armour
 - Level 3.0 Stealth
 + Level 11.4 Shields
 + Level 5.5 Spellcasting
 - Level 5.0 Summonings
 - Level 16.3 Invocations
 + Level 1.4 Evocations


You had 28 spell levels left.
You didn't know any spells.
Your spell library contained the following spells:

 Spells                   Type           Power      Damage    Failure   Level
 Animate Skeleton         Necr           2%         N/A       95%         1
 Pain                     Necr           4%         1d4       95%         1
 Sandblast                Erth           2%         2d4       95%         1
 Ensorcelled Hibernation  Hex/Ice        2%         N/A       99%         2
 Passwall                 Tmut/Erth      0%         N/A       99%         2
 Static Discharge         Conj/Air       1%         N/A       99%         2
 Dazzling Flash           Conj/Hex       2%         N/A       100%        3
 Ignite Poison            Fire/Tmut/Pois 1%         N/A       100%        3
 Mephitic Cloud           Conj/Pois/Air  1%         N/A       100%        3
 Stone Arrow              Conj/Erth      2%         3d7       100%        3
 Swiftness                Air            1%         N/A       100%        3
 Vampiric Draining        Necr           1%         2d6       100%        3
 Animate Armour           Summ/Erth      6%         N/A       100%        4
 Cause Fear               Hex            0%         N/A       100%        4
 Hailstorm                Conj/Ice       1%         3d3       100%        4
 Ice Form                 Ice/Tmut       1%         N/A       100%        4
 Leda's Liquefaction      Hex/Erth       0%         N/A       100%        4
 Olgreb's Toxic Radiance  Pois           1%         N/A       100%        4
 Agony                    Necr           1%         N/A       100%        5
 Blade Hands              Tmut           0%         N/A       100%        5
 Freezing Cloud           Conj/Ice/Air   0%         6-21      100%        5
 Irradiate                Conj/Tmut      0%         3d13      100%        5
 Lee's Rapid Deconstruct  Erth           0%         3d5*      100%        5
 Lightning Bolt           Conj/Air       0%         1d11      100%        5
 Silence                  Hex/Air        0%         N/A       100%        5
 Summon Forest            Summ/Tloc      1%         N/A       100%        5
 Eringya's Noxious Bog    Tmut/Pois      0%         N/A       100%        6
 Iron Shot                Conj/Erth      0%         9d1       100%        6
 Simulacrum               Ice/Necr       0%         N/A       100%        6
 Statue Form              Tmut/Erth      0%         N/A       100%        6
 Dragon Form              Tmut           0%         N/A       100%        7
 Ozocubu's Refrigeration  Ice            0%         4d5       100%        7
 Summon Hydra             Summ           3%         N/A       100%        7
 Ignition                 Fire           0%         3d3       100%        8
 Maxwell's Capacitive Co  Air            0%         ∞         100%        8
 Dragon's Call            Summ           3%         N/A       100%        9


Dungeon Overview and Level Annotations

Branches:
Dungeon (15/15)            Temple (0/1) D:7            Lair (4/6) D:8
  Swamp (4/4) Lair:4        Snake (4/4) Lair:4       Vaults (0/5) D:13
 Depths (0/4) D:15
    Orc: D:9-12

Altars:
Ashenzari
Gozag
Makhleb
Okawaru
Qazlal
Trog
Uskayaw
Wu Jian
Xom
The Shining One

Shops:
D:3 [   Snake:1 ?   Snake:2 *   Snake:4 *?((


Innate Abilities, Weirdness & Mutations

You have razor-sharp teeth.
Your natural rate of healing is unusually fast.
When hurt, damage is shared between your health and your magic reserves.
Your bite disrupts and absorbs the magic of your enemies.
Potions cannot restore your health.


Message History

Blink to where?
Press: ? - help, Dir - move target Splash!
As you read the scroll of blinking, it crumbles to dust.
You hear a shout!
You enter the shallow water.
Moving in this stuff is going to be slow.
You start resting.
Something tentacle-slaps your orange demon! x3
Something completely misses your orange demon.
Your orange demon stings the tentacled monstrosity!
Your orange demon hits the tentacled monstrosity but does no damage.
A bunyip comes into view.
The tentacled monstrosity tentacle-slaps your orange demon.
The tentacled monstrosity tentacle-slaps your orange demon! x2
Your orange demon dies!
Your orange demon disappears in a puff of smoke!
An ogre mage comes into view. It is wielding a +0 club.
The bunyip howls a warning cry!
You hear a chilling moan.
You hear a shout!
The ogre mage shouts!
The spriggan air mage casts a spell at you.
The bolt of lightning hits you!!
* * * LOW HITPOINT WARNING * * *
The mangrove smoulders and burns.
A thorn hunter comes into view.
Blink to where?
Press: ? - help, Dir - move target
As you read the scroll of blinking, it crumbles to dust.
You enter the shallow water.
Moving in this stuff is going to be slow.
You enter the shallow water.
Moving in this stuff is going to be slow.
The ogre mage gestures wildly while chanting.
The ogre mage flickers and vanishes for a moment.
The spriggan air mage waves its arms in wide circles.
The air twists around and strikes you!
* * * LOW HITPOINT WARNING * * *
The ogre mage points at you and mumbles some strange words.
The bolt of magma hits you!
You die...

♣♣♣♣♣ ♣♣♣♣♣♣ ♣♣♣♣.≈.≈ ♣♣♣♣♣
♣.≈≈§♣ ♣○♣≈≈≈≈. ♣.≈.♣
♣≈≈≈≈♣♣♣♣♣.≈≈≈≈≈ ♣ ♣.≈.
♣≈≈≈§≈..≈♣.§≈≈≈≈ ♣ ♣♣≈♣
♣♣.≈§i.)≈≈.i≈≈≈≈. ♣♣♣♣♣♣
♣♣♣.≈♣♣♣♣♣≈≈.≈♣♣.≈≈≈§≈≈≈x§
≈≈♣..♣♣♣≈......≈..§O♣♣♣≈≈≈≈≈≈≈≈i≈
...≈†...≈≈§...≈§@§♣♣♣ ♣♣≈≈≈≈≈≈≈≈≈
.≈≈≈≈≈≈≈≈≈§.####### ♣♣≈≈≈≈≈≈≈≈
.≈≈≈≈≈..≈≈### ♣≈≈≈≈≈≈≈≈
..≈≈§§♣♣### #.≈≈≈.≈≈≈ .≈≈≈≈♣♣
##≈.♣♣♣≈. ≈≈≈≈.♣ ##≈≈♣♣♣♣ ..♣♣♣#
##..... ≈♣♣.. #≈..4. ♣♣.≈# ##4≈i§


You could see an ogre mage (invisible) and a spriggan air mage (repels
missiles).

Vanquished Creatures
  Vashnia (Snake:2)
  Jorgrun (D:14)
  A thorn hunter (Swamp:3)
  Kirke (Swamp:2)
  Roxanne (Swamp:2)
  3 nagarajas (Snake:4)
  2 fenstrider witches
  Aizul (Snake:2)
  3 eleionomae
  5 bunyips
  A fire dragon (D:14)
  A shambling mangrove (Swamp:2)
  A great orb of eyes (D:15)
  An ice dragon (D:15)
  3 rakshasas (D:15)
  11 naga warriors
  3 salamander tyrants (Snake:4)
  4 vault guards (D:13)
  3 boulder beetles
  Erica (D:9)
  A spriggan air mage (Swamp:3)
  15 anacondas
  8 hydras
  4 centaur warriors
  11 two-headed ogres
  2 tengu warriors (D:15)
  7 alligators
  6 shock serpents
  18 naga sharpshooters
  Sonja (D:13)
  3 spriggan berserkers
  A salamander mystic (Snake:4)
  4 skeletal warriors (D:13)
  2 sea snakes (Snake:1)
  2 spriggan druids
  4 goliath frogs
  A deep troll (shapeshifter) (D:15)
  2 bog bodies
  9 naga ritualists
  A deep elf archer (D:15)
  A wizard (D:14)
  An orc knight (D:13)
  A lindwurm (Lair:4)
  Pikel (D:8)
  2 deep elf pyromancers
  4 will-o-the-wisps
  5 salamanders
  An orc sorcerer (D:13)
  3 ugly things
  5 mana vipers
  5 cyclopes
  6 manticores
  8 elephants
  2 guardian serpents
  20 naga magi
  A water nymph (shapeshifter) (D:15)
  5 cane toads
  35 black mambas
  2 gargoyles
  Maggie (D:7)
  A rime drake (Lair:4)
  An efreet (D:15)
  Psyche (D:8)
  A kobold demonologist (D:12)
  4 komodo dragons
  2 tengu conjurers
  2 yaktaurs (D:13)
  2 polar bears (Lair:4)
  3 hornets
  A meliai (D:13)
  2 trolls
  Prince Ribbit (D:6)
  A wolf spider simulacrum (D:15)
  A wind drake (shapeshifter) (D:15)
  10 tyrant leeches
  9 blink frogs
  17 slime creatures
  A centaur simulacrum (D:15)
  A culicivora (shapeshifter) (D:15)
  Sigmund (D:4)
  3 vampires
  A shadow (D:11)
  3 spriggans
  3 wyverns
  A golden eye (shapeshifter) (D:14)
  14 yaks
  3 basilisks
  4 hogs (Swamp:2)
  8 vampire mosquitoes
  Edmund (D:4)
  37 nagas
  A warg (D:8)
  9 swamp worms
  An acid dragon (D:13)
  19 water moccasins
  Duvessa (D:5)
  10 orc warriors
  A sky beast (D:6)
  A black bear (D:5)
  3 necrophages
  7 wolves
  7 centaurs
  3 ogres
  2 lemures (D:8)
  5 kobold brigands
  13 bullfrogs
  A scorpion (shapeshifter) (D:15)
  2 scorpions (D:5)
  A gnoll sergeant (D:7)
  A wyvern zombie (D:7)
  A wyvern skeleton (D:3)
  Dowan (D:5)
  10 killer bees
  A water moccasin skeleton (D:6)
  10 wights
  8 electric eels
  A howler monkey (D:7)
  2 centaur zombies
  2 centaur skeletons
  A hound (D:6)
  10 jellies (Lair:3)
  3 orc priests
  Crazy Yiuf (D:6)
  2 bullfrog skeletons
  Ijyb (D:5)
  3 iguanas
  11 orc wizards
  A killer bee zombie (D:5)
  A hound skeleton (D:4)
  Robin (D:4)
  A howler monkey zombie (D:9)
  11 gnolls
  A howler monkey skeleton (D:7)
  6 adders
  2 ufetubi
  A worm (D:2)
  2 dart slugs
  39 orcs
  6 ball pythons
  3 bats
  16 endoplasms
  12 giant cockroaches
  13 goblins
  10 hobgoblins
  25 kobolds
  3 quokkas
  3 frilled lizards
  6 rats
718 creatures vanquished.

Vanquished Creatures (collateral kills)
  Louise (Swamp:2)
  4 naga warriors
  An anaconda (Snake:1)
  An ogre mage (D:15)
  2 two-headed ogres (D:12)
  A centaur warrior (D:14)
  A tengu warrior (D:15)
  2 naga sharpshooters (Snake:2)
  A soul eater (Swamp:4)
  A naga ritualist (Snake:4)
  An orc knight (D:15)
  3 mana vipers
  2 salamanders
  3 black mambas
  A guardian serpent (Snake:2)
  5 naga magi
  A cane toad (Lair:3)
  A troll (D:12)
  A meliai (D:13)
  A spriggan (Swamp:2)
  A warg (D:8)
  7 nagas
  A water moccasin (Lair:3)
  2 wolves (Lair:3)
  A centaur (D:14)
  A jelly (Lair:3)
  An orc wizard (D:10)
  3 endoplasms (Lair:3)
51 creatures vanquished.

Vanquished Creatures (others)
  A nagaraja (Snake:4)
  A naga sharpshooter (Snake:4)
  A manticore (D:15)
  A black mamba (Snake:3)
  A bloated husk (Swamp:1)
  A hornet (Swamp:2)
  2 nagas
  22 foxfires
  20 fungi
  18 plants
68 creatures vanquished.

Grand Total: 837 creatures vanquished

Notes
Turn   | Place    | Note
-------+----------+-------------------------------------------
     0 | D:1      | tizbic2 the Vine Stalker Fighter began the quest for the
                  | Orb.
     0 | D:1      | Reached XP level 1. HP: 11/11 MP: 2/2
   143 | D:1      | You fall into a shaft and drop 1 floor!
   214 | D:1      | Reached XP level 2. HP: 12/16 MP: 3/3
   621 | D:1      | Reached skill level 1 in Spellcasting
   907 | D:1      | Reached XP level 3. HP: 19/19 MP: 5/5
  1811 | D:3      | HP: 1/20 [adder (1)]
  1814 | D:3      | Gained mutation: Your natural rate of healing is unusually
                  | fast. [Vine Stalker growth]
  1814 | D:3      | Reached XP level 4. HP: 2/24 MP: 1/7
  2287 | D:3      | Found Koerheot's Antique Armour Shop.
  2488 | D:1      | Found a faded altar of an unknown god.
  2494 | D:1      | Prayed at the altar of an unknown god.
  2494 | D:1      | Became a worshipper of Makhleb the Destroyer
  2494 | D:1      | Reached * piety under Makhleb
  2558 | D:3      | Reached XP level 5. HP: 12/28 MP: 3/9
  2906 | D:4      | Reached skill level 1 in Invocations
  3027 | D:4      | Noticed Sigmund
  3038 | D:4      | Killed Sigmund
  3039 | D:4      | Reached skill level 1 in Stealth
  3039 | D:4      | Reached XP level 6. HP: 30/33 MP: 11/11
  3177 | D:4      | Identified the +9 dagger of Taxation {protect, Drain rPois
                  | Str+3 SInv}
  3193 | D:4      | Noticed Edmund
  3210 | D:4      | Killed Edmund
  3211 | D:4      | Reached skill level 1 in Short Blades
  3211 | D:4      | Reached XP level 7. HP: 36/37 MP: 9/13
  3240 | D:4      | Reached ** piety under Makhleb
  3260 | D:4      | Reached skill level 2 in Invocations
  3316 | D:4      | Noticed Robin
  3316 | D:4      | Identified the +6 scale mail of the Raven {Slay+5}
  3335 | D:4      | Killed Robin
  3612 | D:5      | Entered Level 5 of the Dungeon
  3678 | D:5      | Reached skill level 3 in Invocations
  3703 | D:5      | Found a glowing golden altar of the Shining One.
  3751 | D:5      | Noticed Duvessa
  3754 | D:5      | Noticed Dowan
  3759 | D:5      | Killed Duvessa
  3760 | D:5      | Gained mutation: You have razor-sharp teeth. [Vine Stalker
                  | growth]
  3760 | D:5      | Reached XP level 8. HP: 31/42 MP: 9/14
  3763 | D:5      | Killed Dowan
  3807 | D:5      | Noticed Ijyb
  3816 | D:5      | Killed Ijyb
  3955 | D:5      | Reached skill level 4 in Invocations
  3974 | D:5      | Reached skill level 5 in Short Blades
  4009 | D:5      | Found a hide-covered altar of Uskayaw.
  4537 | D:6      | Noticed Prince Ribbit
  4543 | D:6      | Killed Prince Ribbit
  4544 | D:6      | Reached skill level 5 in Invocations
  4544 | D:6      | Reached XP level 9. HP: 45/45 MP: 12/15
  4728 | D:6      | Found a runed translucent door.
  4729 | D:6      | Noticed Crazy Yiuf
  4735 | D:6      | Killed Crazy Yiuf
  4871 | D:3      | Bought a bloodstained helmet for 285 gold pieces
  4871 | D:3      | Identified the +1 helmet of Dyspraxia {+Blink rC+ Int-3}
                  | (You bought it in a shop on level 3 of the Dungeon)
  5532 | D:7      | Noticed a two-headed ogre
  5542 | D:7      | Killed a two-headed ogre
  5543 | D:7      | Reached skill level 6 in Invocations
  5609 | D:7      | Found a staircase to the Ecumenical Temple.
  5762 | D:7      | Noticed Maggie
  5780 | D:7      | Killed Maggie
  5781 | D:7      | Reached skill level 7 in Invocations
  5781 | D:7      | Reached XP level 10. HP: 32/49 MP: 12/16
  6005 | D:7      | Reached *** piety under Makhleb
  6016 | D:7      | Noticed an eight-headed hydra
  6032 | D:7      | Killed an eight-headed hydra
  6210 | D:8      | Noticed Pikel
  6214 | D:7      | Reached skill level 10 in Short Blades
  6214 | D:7      | Reached skill level 8 in Invocations
  6235 | D:8      | Killed Pikel
  6263 | D:8      | Noticed Psyche
  6272 | D:8      | Killed Psyche
  6556 | D:8      | Found an ornate altar of the Wu Jian Council.
  6628 | D:8      | Found a staircase to the Lair.
  6628 | D:8      | Identified the +7 dagger "Killer Bee's Death" {speed, rC+
                  | rN+}
  6632 | D:8      | Reached skill level 9 in Invocations
  6632 | D:8      | Reached XP level 11. HP: 52/54 MP: 15/18
  6887 | D:9      | Noticed a two-headed ogre
  6899 | D:9      | Killed a two-headed ogre
  6900 | D:9      | Reached skill level 5 in Fighting
  7010 | D:9      | Noticed a two-headed ogre
  7016 | D:9      | Killed a two-headed ogre
  7016 | D:9      | Reached **** piety under Makhleb
  7091 | D:9      | Noticed a two-headed ogre
  7104 | D:9      | Killed a two-headed ogre
  7107 | D:9      | Noticed Erica
  7117 | D:9      | Killed Erica
  7118 | D:9      | Reached skill level 5 in Spellcasting
  7407 | D:3      | Bought a pair of boots for 135 gold pieces
  7652 | D:10     | Entered Level 10 of the Dungeon
  7994 | D:10     | Found a bloodstained altar of Trog.
  8274 | D:10     | Noticed a manticore
  8279 | D:10     | Killed a manticore
  8280 | D:10     | Reached skill level 10 in Invocations
  8386 | D:10     | Found an opulent altar of Gozag.
  8390 | D:10     | Found a stormy altar of Qazlal.
  8391 | D:10     | Found a broken altar of Ashenzari.
  8409 | D:10     | Found an iron altar of Okawaru.
  8413 | D:10     | Found a shimmering altar of Xom.
  8752 | D:11     | Reached XP level 12. HP: 62/62 MP: 20/20
  8760 | D:11     | Noticed a two-headed ogre
  8765 | D:11     | Killed a two-headed ogre
  8877 | D:11     | Noticed a two-headed ogre
  8884 | D:11     | Killed a two-headed ogre
  8897 | D:11     | Reached skill level 5 in Shields
  8908 | D:11     | Identified the +9 falchion "Deotzo" {venom, Fragile Fly
                  | rC+}
  8996 | D:11     | Noticed a two-headed ogre
  9005 | D:11     | Killed a two-headed ogre
  9277 | D:11     | Found a flickering gateway to a bazaar.
  9286 | Bazaar   | Entered a bazaar
  9286 | Bazaar   | Found Kosoz's General Store.
  9286 | Bazaar   | Found Leiraog's Distillery.
  9309 | Bazaar   | Found Jiehem's Jewellery Emporium.
  9320 | Bazaar   | Found Vistrun's Antique Weapon Boutique.
  9332 | Bazaar   | Found Atiyrghef's Antique Armour Boutique.
  9396 | Bazaar   | Bought a glowing rapier for 189 gold pieces
  9932 | D:12     | Reached skill level 11 in Invocations
  9941 | D:12     | Noticed a two-headed ogre
  9947 | D:12     | Killed a two-headed ogre
  9960 | D:12     | Reached skill level 5 in Armour
 10042 | D:12     | Noticed a two-headed ogre
 10046 | D:12     | Noticed a two-headed ogre
 10051 | D:12     | Killed a two-headed ogre
 10066 | D:12     | Killed a two-headed ogre
 10836 | D:13     | Noticed Sonja
 10851 | D:13     | Killed Sonja
 10851 | D:13     | Noticed a centaur warrior
 10861 | D:13     | Killed a centaur warrior
 10904 | D:13     | Noticed a vault guard
 10939 | D:13     | Noticed a vault guard
 10943 | D:13     | Noticed a vault guard
 11003 | D:13     | Killed a vault guard
 11004 | D:13     | Reached XP level 13. HP: 44/69 MP: 15/22
 11009 | D:13     | Reached skill level 12 in Invocations
 11603 | D:13     | Killed a vault guard
 11649 | D:13     | Killed a vault guard
 11661 | D:13     | Found a gate to the Vaults.
 11661 | D:13     | Noticed a vault guard
 11676 | D:13     | Killed a vault guard
 12222 | D:14     | Noticed Jorgrun
 12247 | D:14     | Killed Jorgrun
 12248 | D:14     | Reached skill level 10 in Fighting
 12248 | D:14     | Reached skill level 13 in Invocations
 12296 | D:14     | Found a broken altar of Ashenzari.
 12575 | D:14     | Noticed a fire dragon
 12588 | D:14     | Killed a fire dragon
 12838 | D:15     | Entered Level 15 of the Dungeon
 12894 | D:15     | Reached XP level 14. HP: 75/77 MP: 21/25
 13336 | D:15     | Found a staircase to the Depths.
 13376 | D:15     | Reached skill level 14 in Invocations
 14010 | Lair:1   | Entered Level 1 of the Lair of Beasts
 14180 | Lair:1   | Reached skill level 1 in Summonings
 15773 | Lair:3   | Reached XP level 15. HP: 84/84 MP: 26/26
 15949 | Lair:3   | Reached ***** piety under Makhleb
 16007 | Lair:3   | Reached skill level 5 in Summonings
 17010 | Lair:4   | Found a staircase to the Swamp.
 17069 | Lair:4   | Found a staircase to the Snake Pit.
 17086 | Snake:1  | Entered Level 1 of the Snake Pit
 17124 | Snake:1  | Found Biocivah's Magic Scroll Emporium.
 17154 | Snake:1  | Bought a scroll of enchant armour for 127 gold pieces
 17154 | Snake:1  | Bought a scroll of enchant armour for 127 gold pieces
 17553 | Snake:1  | Reached skill level 15 in Invocations
 18340 | Snake:2  | Found Geamaugi's Assorted Antiques.
 18664 | Snake:2  | Reached XP level 16. HP: 59/91 MP: 21/28
 18856 | Snake:2  | Noticed Aizul
 18872 | Snake:2  | Killed Aizul
 19160 | Snake:2  | Reached skill level 10 in Armour
 19180 | Snake:2  | Bought a wand of paralysis (3) for 70 gold pieces
 19252 | Snake:2  | Noticed Vashnia
 19275 | Snake:2  | Killed Vashnia
 19276 | Snake:2  | Reached skill level 10 in Shields
 20028 | Snake:4  | Entered Level 4 of the Snake Pit
 20322 | Snake:4  | Found Mauca's General Store.
 20330 | Snake:4  | Bought a +1 cloak for 161 gold pieces
 20330 | Snake:4  | Bought a scroll of identify for 28 gold pieces
 20538 | Snake:4  | Reached XP level 17. HP: 96/98 MP: 29/29
 20723 | Snake:4  | Found Jer Yfi's Weapon Emporium.
 20723 | Snake:4  | Found Okkain's Magic Scroll Shoppe.
 21096 | Snake:4  | Found Qiulof's Firing Range.
 21137 | Snake:4  | Reached skill level 16 in Invocations
 21161 | Snake:4  | Bought a scroll of identify for 38 gold pieces
 21161 | Snake:4  | Bought a scroll of identify for 38 gold pieces
 21161 | Snake:4  | Bought a scroll of enchant armour for 142 gold pieces
 21486 | Snake:4  | Reached skill level 15 in Fighting
 21527 | Snake:4  | Got a serpentine rune of Zot
 22279 | Swamp:1  | Entered Level 1 of the Swamp
 22747 | Swamp:2  | Noticed Roxanne
 22778 | Swamp:2  | Killed Roxanne
 23165 | Swamp:2  | Noticed Louise
 23175 | Swamp:2  | Killed Louise
 23194 | Swamp:2  | Noticed Kirke
 23387 | Swamp:2  | Killed Kirke
 23509 | Swamp:2  | Identified the +2 robe of the Apprentice {Int+3}
 23592 | Swamp:3  | Reached XP level 18. HP: 75/105 MP: 31/31
 23837 | Swamp:4  | Entered Level 4 of the Swamp
 24095 | Swamp:4  | Reached skill level 1 in Evocations
 24176 | Swamp:4  | Noticed a tentacled monstrosity
 24220 | Swamp:4  | Killed from afar by an ogre mage

Illustrated notes

Levels and vault maps discovered:
D:1:      dpeg_arrival_windows_large_door, layout_rooms,
          shapermc_ecumenical_altar_hornbeckon, minmay_worlds_worst_comb
D:2:      minmay_roachtagon, layout_rooms, due_unseen_surprise
D:3:      layout_rooms, serial_shops, shop
D:4:      layout_loops_ring, kennysheep_generic_room_6, uniq_robin,
          uniq_sigmund, uniq_edmund
D:5:      layout_basic, mainiacjoe_overflow_alcove_4, tso_metal_star,
          st_stairs_5, uniq_duvessa, uniq_ijyb
D:6:      layout_basic, kennysheep_boxes, uniq_crazy_yiuf_cottage,
          uniq_prince_ribbit1
D:7:      layout_rooms, minmay_temple_entry_arrows, interstate_on_off,
          uniq_maggie
D:8:      layout_cave_pools, nzn_wu_jian_contemplation,
          erik_lair_orcish_takeover, uniq_psyche, uniq_pikel
D:9:      layout_cross, uniq_erica
D:10:     layout_loops_corners, minmay_overflow_temple_star_hex,
          trog_three_pillars_becter, david_orc_4
D:11:     layout_basic, serial_shops, bzr_entry_customers
D:12:     layout_grid_maze, kennysheep_generic_room_16
D:13:     layout_irregular_city, grunt_vaults_entry_fortified, uniq_sonja
D:14:     layout_loops_ring, kennysheep_small_spiral,
          nicolae_ashenzari_skybound, uniq_jorgrun
D:15:     gammafunk_enter_depths_forms, layout_rooms, serial_corexii_hall,
          corexii_hall_statues_u, chequers_hall_statues_corner_a,
          corexii_hall_statues_l, chequers_hall_statues_wall_a,
          corexii_hall_statues_s, corexii_hall_statues_x,
          minmay_misc_feat_rugged, minivault_28
Lair:1:   layout_gridlike, st_stairs_3, cheibrodos_lair_reptile_den
Lair:2:   layout_cave_pods, minivault_26
Lair:3:   lemuel_slime, layout_chaotic_city, grunt_megastairs_3
Lair:4:   layout_gridlike, swamp_mist, guppyfry_snake_entry_island,
          serial_bayou_ford_a, infiniplex_staircase_pool_2,
          serial_bayou_shore_a, lemuel_fruit_tree
Swamp:1:  layout_basic_swamp, nicolae_swamp_bean_lake
Swamp:2:  layout_basic_swamp, hangedman_swamp_ruin_wall, uniq_louise,
          uniq_roxanne, uniq_kirke
Swamp:3:  nicolae_swamp_ascending_descending, layout_falls_marsh,
          hangedman_swamp_blocks, nicolae_swamp_wisp_ring_woods
Swamp:4:  nzn_swamp_witches_coven, layout_basic_swamp, swamp_pool4,
          nicolae_swamp_little_tower
Snake:1:  layout_basic, serial_shops, shop_coins, grunt_megastairs_5
Snake:2:  layout_onion_interference, nicolae_stop_n_shop_1, uniq_vashnia,
          uniq_aizul
Snake:3:  layout_basic, serial_bayou_shore_b
Snake:4:  snake_pit, layout_onion, serial_shops, shop,
          nicolae_shop_firing_range, minmay_shoptagon, grunt_megastairs_2

Skill      XL: |  1  2  3  4  5  6  7  8  9 10 11 12 13 14 15 16 17 18 |
---------------+-------------------------------------------------------+-----
Polearms       | 2 3 4 |  4.1
Spellcasting   | 1 2 3 4 5 |  5.5
Fighting       | 3 4 6 8 10 11 13 14 15 | 15.8
Invocations    | 1 3 5 7 9 10 11 13 14 15 16 | 16.3
Stealth        | 1 2 3 |  3.0
Short Blades   | 1 3 6 8 10 | 10.0
Shields        | 3 4 6 7 8 9 10 11 | 11.4
Armour         | 3 4 5 6 7 9 10 12 | 12.4
Summonings     | 4 5 |  5.0
Evocations     | 1 |  1.4

Action                   |  1- 3 |  4- 6 |  7- 9 | 10-12 | 13-15 | 16-18 || total
-------------------------+-------+-------+-------+-------+-------+-------++-------
Melee: Trident           |   114 |   138 |       |       |       |       ||   252
       Bite              |    20 |    44 |    50 |   152 |   489 |   473 ||  1228
       Dagger            |       |    12 |   165 |   429 |  1027 |  1029 ||  2662
       Unarmed           |       |       |       |       |       |     6 ||     6
 Fire: Hunting sling     |     7 |       |       |       |       |       ||     7
Throw: Stone             |     2 |     1 |       |       |       |       ||     3
       Boomerang         |       |       |       |       |     4 |     5 ||     9
Invok: Minor Destruction |       |       |    50 |    34 |    17 |    39 ||   140
       Lesser Servant of |       |       |       |    10 |    21 |    22 ||    53
       Major Destruction |       |       |       |     2 |     1 |     4 ||     7
       Greater Servant o |       |       |       |       |     1 |     4 ||     5
 Abil: Evoke Blink       |       |       |    11 |       |       |       ||    11
Evoke: Wand              |       |       |       |       |       |     1 ||     1
  Use: Scroll            |     3 |     6 |     3 |     6 |     6 |    15 ||    39
       Potion            |     2 |       |       |       |     3 |     5 ||    10
 Stab: Sleeping          |       |     2 |       |       |       |       ||     2
       Distracted        |       |       |       |       |     5 |     7 ||    12
Armor: Scale mail        |    54 |     2 |    74 |   208 |   435 |   282 ||  1055
       Chain mail        |       |    59 |       |       |       |       ||    59
       Shadow dragon sca |       |     9 |     6 |       |       |       ||    15
Dodge: Dodged            |    43 |    63 |    78 |   184 |   178 |   128 ||   674
Block: Buckler           |    26 |    27 |    44 |   124 |    67 |       ||   288
       Tower shield      |       |       |       |       |   946 |  1226 ||  2172
       Reflection        |       |       |       |       |    31 |   157 ||   188
       Other             |       |       |       |       |       |     4 ||     4
